 Dungeon Crawl Stone Soup version 0.16-a0-3943-gb4b81e6 (webtiles) character file.

20880 abixa the Grappler (level 12, -9/119 HPs)
             Began as a Troll Monk on Feb 8, 2015.
             Was the Champion of Makhleb.
             Mangled by a manticore (12 damage)
             ... on level 11 of the Dungeon.
             The game lasted 01:18:16 (13176 turns).

abixa the Grappler (Troll Monk)                    Turns: 13176, Time: 01:18:17

Health: -9/119     AC:  8    Str: 22    XL:     12   Next: 49%
Magic:  24/24      EV: 13    Int:  6    God:    Makhleb [******]
Gold:   959        SH:  0    Dex: 16    Spells: 0 memorised, 11 levels left

rFire  + . .     SeeInvis .       - Unarmed
rCold  + . .     Clarity  .     L - +1 robe {rC+}
rNeg   . . .     SustAb   .     (shield restricted)
rPois  +         Gourm    +     e - +2 hat
rElec  .         Spirit   .     (no cloak)
rCorr  .         Warding  .     (gloves unavailable)
rMut   .         Stasis   .     (boots unavailable)
MR     .....                    (no amulet)
Stlth  ++........               a - ring of protection from fire
                                r - ring of poison resistance

@: not resistant to hostile enchantments, unstealthy
A: unfitting armour, claws 3, fast metabolism 3, gourmand, regeneration 2,
shaggy fur 1, tough skin 2
a: Minor Destruction, Lesser Servant of Makhleb, Major Destruction, Greater
Servant of Makhleb, Renounce Religion


You were on level 11 of the Dungeon.
You worshipped Makhleb.
Makhleb was exalted by your worship.
You were very full.

You visited 3 branches of the dungeon, and saw 16 of its levels.

You collected 959 gold pieces.

Inventory:

Hand weapons
 F - a +2 trident of flaming
 I - a +0 blowgun
Missiles
 h - 2 needles of paralysis
 i - 8 large rocks (quivered)
 G - 54 poisoned needles
Armour
 e - a +2 hat (worn)
 u - a troll hide
 L - a +1 robe of cold resistance (worn)
Jewellery
 a - a ring of protection from fire (right claw)
 q - an uncursed ring of see invisible
 r - a ring of poison resistance (left claw)
 Z - an uncursed ring of ice
Magical devices
 b - a wand of confusion (24)
 j - a wand of disintegration (16)
 m - a wand of enslavement (9)
 z - a wand of cold (10)
 M - a wand of paralysis (15)
 S - a wand of digging (11)
 T - a wand of invisibility (5)
 X - a wand of lightning (4)
 Y - a wand of draining (1)
Scrolls
 c - 9 scrolls of teleportation
 k - 7 scrolls of remove curse
 l - a scroll of recharging
 n - a scroll of holy word {unknown}
 y - 3 scrolls of magic mapping
 O - 7 scrolls of blinking
Potions
 d - 2 potions of might
 f - a potion of invisibility
 g - a potion of berserk rage
 p - 6 potions of curing
 B - 3 potions of flight
 H - 4 potions of haste
 N - 3 potions of heal wounds
 V - 2 potions of agility
Comestibles
 o - 14 fruits
 t - 8 bread rations
 v - a meat ration


   Skills:
 - Level 8.0 Fighting
 + Level 6.3 Dodging
 - Level 1.1 Stealth
 + Level 12.9 Unarmed Combat
 + Level 11.3 Invocations


You had 11 spell levels left.
You didn't know any spells.

Dungeon Overview and Level Annotations

Branches:
Dungeon (12/15)            Temple (1/1) D:5            Lair (3/8) D:8
    Orc (0/4) D:11
  Swamp: Lair:3-6    Shoals: Lair:3-6     Snake: Lair:3-6    Spider: Lair:3-6

Altars:
Ashenzari
Cheibriados
Dithmenos
Elyvilon
Fedhas
Gozag
Kikubaaqudgha
Makhleb
Nemelex Xobeh
Okawaru
Qazlal
Ru
Sif Muna
Trog
Vehumet
Xom
Yredelemnul
Zin
The Shining One
Beogh

Shops:
D:5 !   D:8 ((   D:11 %


Innate Abilities, Weirdness & Mutations

You are too large for most types of armour.
You have claws for hands.
Your metabolism is lightning-fast.
You like to eat raw meat.
You heal very quickly.
You are covered in fur (AC +1).
You have very tough skin (AC +2).


Message History

Unknown command.
Evoke which item? (* to show all) (? for menu, Esc to quit)
Zapping:
b - a wand of confusion (will waste charges)
Press: ? - help, Shift-Dir - straight line, f - manticore
Aim: a manticore (heavily wounded, bleeding, chance 28%)
Okay, then.
Unknown command.
Press: ? - help, v - describe, . - travel
Here: a manticore (heavily wounded, bleeding)
The floor, spattered with blood.
Unknown command.
Unknown command.
Unknown command.
You barely miss the manticore.
The manticore is heavily wounded.
The manticore bites you!
* * * LOW HITPOINT WARNING * * *
The manticore claws you but does no damage.
The manticore claws you!
You die...

...........##.....#.#....#...#..#.#
###................#.###†###.###.#.
#..................#..#...#......
#........................#.......
#...............##.......).......
#................#...........>...
................###....#......##
..#####........# #....#......## .
..#..4.@.# #....#......##
..#...H### #.#######...## #....
#.#.....#...## .......
#.#.....#..... .......
#.#.._..#..... ......
#.#.....#...(. ..... #.#.....#.....
.... #.###'###..... .
#)#8...8#.....


You could see a manticore (bleeding) and a friendly orange demon.

Vanquished Creatures
  Nergalle (Lair:2)
  An unseen horror (D:11)
  Pikel (D:5)
  An ugly thing (D:11)
  A cyclops (D:11)
  A manticore (D:11)
  A black mamba (Lair:2)
  Maurice (D:10)
  5 spiny frogs
  A komodo dragon (Lair:2)
  A kobold demonologist (D:11)
  The ghost of MarvinPA the Summoner, an experienced TeSu of Sif Muna (D:5)
  A hellwing (D:12)
  A troll (D:11)
  Grinder (D:5)
  A basilisk (Lair:2)
  22 yaks
  2 deep elf magi (D:11)
  5 sky beasts
  Grum (D:12)
  4 hippogriffs
  9 soldier ants
  3 wolves (D:12)
  Edmund (D:5)
  Menkaure (D:6)
  3 orc warriors
  4 water moccasins
  5 porcupines
  3 black bears
  2 phantoms
  6 ice beasts
  An eye of draining (D:10)
  2 slaves (D:5)
  2 centaurs
  3 ogres
  Sigmund (D:2)
  Duvessa (D:7)
  4 crocodiles
  A big kobold (D:12)
  Blork the orc (D:7)
  13 giant frogs
  2 scorpions
  5 jellies
  15 killer bees
  3 goliath beetles
  Dowan (D:7)
  A giant frog zombie (D:11)
  6 crimson imps
  A quasit (D:7)
  7 hounds
  A giant frog skeleton (D:10)
  9 iguanas
  2 centaur skeletons (D:6)
  6 orc priests
  3 orc wizards
  41 worker ants
  A killer bee zombie (D:10)
  Ijyb (D:4)
  Terence (D:3)
  2 worker ant zombies
  17 adders
  7 gnolls
  10 river rats (Lair:2)
  2 giant mites
  2 shadow imps
  5 worms
  2 adder skeletons (D:7)
  An adder zombie (D:5)
  5 giant geckos
  19 orcs
  A bat skeleton (D:5)
  5 bat zombies
  2 giant cockroaches
  13 goblins
  12 hobgoblins
  13 jackals
  21 kobolds
  11 quokkas
  2 ball pythons
  18 bats
  2 giant gecko skeletons
  13 giant newts
  A giant spore (D:6)
  A jackal zombie (D:1)
  A quokka zombie (D:6)
  12 rats
  A rat zombie (D:4)
  A spectral orc (Lair:2)
  6 ballistomycetes
434 creatures vanquished.

Vanquished Creatures (collateral kills)
  Fannar (D:12)
  A queen ant (D:11)
  A wolf (D:12)
  2 soldier ants (D:11)
  A phantom (D:11)
  A killer bee (D:12)
  4 worker ants (D:11)
11 creatures vanquished.

Vanquished Creatures (others)
  A slave (D:5)
  An adder (D:5)
  12 ufetubi
  A kobold (D:12)
  A giant spore (D:7)
  A ballistomycete (D:7)
17 creatures vanquished.

Grand Total: 462 creatures vanquished

Notes
Turn   | Place    | Note
--------------------------------------------------------------
     0 | D:1      | abixa, the Troll Monk, began the quest for the Orb.
     0 | D:1      | Reached XP level 1. HP: 22/22 MP: 1/1
   214 | D:1      | Reached XP level 2. HP: 29/29 MP: 1/1
   818 | D:2      | Reached skill level 5 in Unarmed Combat
   818 | D:2      | Reached XP level 3. HP: 26/36 MP: 2/2
   960 | D:2      | Noticed Sigmund
   971 | D:2      | Killed Sigmund
   971 | D:2      | Reached skill level 6 in Unarmed Combat
   971 | D:2      | Reached XP level 4. HP: 34/44 MP: 2/2
  1243 | D:2      | Reached XP level 5. HP: 50/50 MP: 2/2
  1507 | D:3      | You fall through a shaft for 2 floors!
  1507 | D:5      | Entered Level 5 of the Dungeon
  1591 | D:5      | Noticed a centaur
  1596 | D:5      | Noticed Grinder
  1601 | D:5      | Killed a centaur
  1601 | D:5      | Reached skill level 7 in Unarmed Combat
  1601 | D:5      | Reached XP level 6. HP: 30/59 MP: 3/3
  1610 | D:5      | Killed Grinder
  1610 | D:5      | Reached skill level 8 in Unarmed Combat
  1733 | D:5      | Found an ancient bone altar of Kikubaaqudgha.
  1755 | D:5      | Found Arummoli's Distillery.
  1756 | D:5      | Noticed a slave
  1771 | D:5      | Noticed Pikel
  1771 | D:5      | Noticed a slave
  1806 | D:5      | Killed a slave
  1833 | D:5      | Noticed a slave
  1857 | D:5      | Killed a slave
  1888 | D:5      | Noticed a slave
  1908 | D:5      | Killed Pikel
  1908 | D:5      | Reached skill level 9 in Unarmed Combat
  1908 | D:5      | Reached XP level 7. HP: 44/70 MP: 3/3
  1961 | D:5      | Noticed Edmund
  1972 | D:5      | Killed Edmund
  1972 | D:5      | Reached XP level 8. HP: 65/78 MP: 3/3
  2174 | D:5      | Noticed MarvinPA's ghost (experienced TeSu)
  2519 | D:3      | Noticed Terence
  2524 | D:3      | Killed Terence
  2991 | D:4      | Found a snail-covered altar of Cheibriados.
  3004 | D:4      | Found a burning altar of Makhleb.
  3007 | D:4      | Found a white marble altar of Elyvilon.
  3018 | D:4      | Became a worshipper of Makhleb the Destroyer
  3018 | D:4      | Acquired Makhleb's first power
  3018 | D:4      | Acquired Makhleb's second power
  3312 | D:4      | Reached skill level 1 in Invocations
  3562 | D:4      | Noticed Ijyb
  3578 | D:4      | Killed Ijyb
  3637 | D:4      | Found an opulent altar of Gozag.
  3672 | D:4      | Found an ancient bone altar of Kikubaaqudgha.
  3849 | D:5      | Killed MarvinPA's ghost
  3856 | D:5      | Killed a freed slave
  3901 | D:5      | Found a staircase to the Ecumenical Temple.
  3907 | Temple   | Entered the Ecumenical Temple
  4069 | D:5      | Found a shimmering altar of Xom.
  4369 | D:6      | Found a stormy altar of Qazlal.
  4482 | D:6      | Noticed Menkaure
  4492 | D:6      | Killed Menkaure
  4492 | D:6      | Reached skill level 5 in Invocations
  4492 | D:6      | Reached XP level 9. HP: 50/87 MP: 10/12
  4858 | D:6      | Acquired Makhleb's third power
  5259 | D:7      | Noticed Duvessa
  5269 | D:7      | Noticed Dowan
  5305 | D:7      | Killed Duvessa
  5315 | D:7      | Killed Dowan
  5512 | D:7      | Noticed Blork the orc
  5526 | D:7      | Killed Blork the orc
  5657 | D:7      | Reached skill level 5 in Fighting
  5700 | D:7      | Reached skill level 10 in Unarmed Combat
  5973 | D:7      | Acquired Makhleb's fourth power
  6281 | D:8      | Found Kiotin's Weapon Shoppe.
  6670 | D:8      | Reached XP level 10. HP: 90/96 MP: 18/18
  6701 | D:8      | Found a staircase to the Lair.
  6972 | D:8      | Found Kulaol's Antique Weapon Boutique.
  6985 | D:8      | Found a glowing golden altar of the Shining One.
  7172 | D:9      | Found a sparkling altar of Nemelex Xobeh.
  7185 | D:9      | Found a shattered altar of Ashenzari.
  7544 | D:9      | Found a sacrificial altar of Ru.
  7663 | D:9      | Acquired Makhleb's fifth power
  7673 | D:9      | Found a radiant altar of Vehumet.
  7685 | D:9      | You fall through a shaft for 3 floors!
  7685 | D:12     | Noticed Grum
  7702 | D:12     | Killed Grum
  7862 | D:12     | Noticed Fannar
  7938 | D:12     | Killed Fannar
  8225 | D:12     | Reached skill level 11 in Unarmed Combat
  8300 | D:11     | Noticed an unseen horror
  8321 | D:11     | Killed an unseen horror
  8487 | D:11     | Found Cuiraut's Food Shoppe.
  8492 | D:11     | Noticed a manticore
  8518 | D:11     | Killed a manticore
  8518 | D:11     | Reached XP level 11. HP: 81/109 MP: 21/21
  8601 | D:10     | Entered Level 10 of the Dungeon
  8746 | D:10     | Noticed Maurice
  8838 | D:10     | Killed Maurice
  9189 | D:11     | Reached skill level 10 in Invocations
  9255 | D:11     | Noticed a cyclops
  9264 | D:11     | Killed a cyclops
 10024 | Lair:1   | Entered Level 1 of the Lair of Beasts
 10462 | Lair:1   | Reached skill level 12 in Unarmed Combat
 10955 | Lair:2   | Noticed Nergalle
 11032 | Lair:2   | Killed Nergalle
 11032 | Lair:2   | Reached skill level 5 in Dodging
 11063 | Lair:2   | Reached XP level 12. HP: 119/119 MP: 23/23
 11930 | Lair:3   | Found a glowing golden altar of the Shining One.
 11965 | Lair:3   | Noticed a six-headed hydra
 12659 | D:11     | Noticed a brown ugly thing
 12677 | D:11     | Killed a brown ugly thing
 12901 | D:11     | Found a staircase to the Orcish Mines.
 12915 | D:11     | Found a roughly hewn altar of Beogh.
 13161 | D:11     | Noticed a manticore
 13176 | D:11     | HP: 3/119 [manticore (9)]
 13176 | D:11     | Mangled by a manticore

Action                   |  1- 3 |  4- 6 |  7- 9 | 10-12 || total
-------------------------+-------+-------+-------+-------++-------
Melee: Unarmed           |    85 |   132 |   393 |   722 ||  1332
 Fire: Hunting sling     |       |       |     3 |       ||     3
       Blowgun           |       |       |     4 |     3 ||     7
Throw: Stone             |       |       |     1 |     1 ||     2
Invok: Minor Destruction |       |       |    11 |    69 ||    80
       Major Destruction |       |       |     1 |     1 ||     2
       Lesser Servant of |       |       |       |     6 ||     6
Evoke: Wand              |       |       |       |     1 ||     1
  Use: Scroll            |       |       |     9 |    17 ||    26
 Stab: Sleeping          |       |       |     3 |     3 ||     6
       Distracted        |       |       |     1 |     1 ||     2
  Eat: Chunk             |    14 |     6 |    47 |    61 ||   128
